 Dungeon Crawl Stone Soup version 0.27-a0-366-g8badd94918 (webtiles) character file.

Game seed: 11314086526553422187

1741 jestyr24 the Grappler (level 8, -8/78 HPs)
             Began as a Troll Berserker on Feb 17, 2021.
             Was an Elder of Trog.
             Mangled by a hornet (9 damage)
             ... while paralysed by a hornet
             ... on level 7 of the Dungeon.
             The game lasted 00:14:42 (4033 turns).

jestyr24 the Grappler (Troll Berserker)             Turns: 4033, Time: 00:14:43

Health: -8/78      AC:  7    Str: 28    XL:     8   Next: 77%
Magic:  7/7        EV:  1    Int:  3    God:    Trog [****..]
Gold:   116        SH:  0    Dex: 15    Spells: 7/7 levels left

rFire    . . .     SeeInvis .     - Unarmed
rCold    . . .     Faith    .   (no shield)
rNeg     . . .     Spirit   .   a - +0 animal skin
rPois    .         Reflect  .   (helmet restricted)
rElec    .         Harm     .   w - +2 cloak {Stlth+}
rCorr    .         Rampage  .   (gloves unavailable)
Will     .....                  (boots unavailable)
Stlth    +.........             (no amulet)
HPRegen  1.23/turn              t - +6 ring of dexterity
MPRegen  0.10/turn              (no ring)

@: paralysed, lethally poisoned (-8 -> -9), slowed
A: large, unfitting armour, claws 3, regeneration 1, shaggy fur 1, tough skin 1
a: Renounce Religion, Berserk, Trog's Hand, Brothers in Arms


You were on level 7 of the Dungeon.
You worshipped Trog.
Trog was greatly pleased with you.
You visited 2 branches of the dungeon, and saw 8 of its levels.

You collected 331 gold pieces.
You spent 215 gold pieces at shops.

Inventory:

Hand Weapons
 c - a +0 dagger
Missiles
 p - 38 poisoned darts
 z - 2 javelins
Armour
 a - a +0 animal skin (worn)
 w - a +2 cloak of stealth (worn)
Jewellery
 t - a +6 ring of dexterity (left claw)
 B - a ring of flight {unknown}
Scrolls
 d - 2 scrolls of enchant armour {unknown}
 e - 2 scrolls of random uselessness {unknown}
 g - a scroll of fog {unknown}
 j - 3 scrolls of magic mapping {unknown}
 l - 16 scrolls of identify {unknown}
 m - 4 scrolls of teleportation {unknown}
 u - 2 scrolls of blinking {unknown}
 y - a scroll of vulnerability {unknown}
Potions
 b - a potion of degeneration {unknown}
 f - 2 potions of magic {unknown}
 h - 4 potions of lignification {unknown}
 i - 3 potions of haste {unknown}
 k - 2 potions of curing {unknown}
 n - a potion of berserk rage {unknown}
 o - a potion of heal wounds {unknown}
 q - a potion of flight {unknown}
 r - 2 potions of resistance {unknown}
 s - a potion of brilliance {unknown}
 v - a potion of ambrosia {unknown}
 x - 3 potions of might {unknown}
 A - a potion of cancellation {unknown}


   Skills:
 + Level 4.0 Fighting
 + Level 5.3 Dodging
 + Level 9.5 Unarmed Combat


You had 7 spell levels left.
You didn't know any spells.
Your spell library contained the following spells:

 Spells                   Type           Power        Failure   Level
 Animate Skeleton         Necr           0%           52%         1
 Magic Dart               Conj           0%           52%         1
 Pain                     Necr           0%           52%         1
 Blink                    Tloc           N/A          67%         2
 Call Imp                 Summ           0%           67%         2
 Slow                     Hex            0%           67%         2
 Conjure Flame            Conj/Fire      0%           88%         3
 Mephitic Cloud           Conj/Pois/Air  0%           88%         3
 Vampiric Draining        Necr           0%           88%         3
 Animate Dead             Necr           0%           99%         4
 Agony                    Necr           0%           100%        5


Dungeon Overview and Level Annotations

Branches:
Dungeon (7/15)             Temple (1/1) D:4

Altars:
Dithmenos
Elyvilon
Hepliaklqana
Makhleb
Nemelex Xobeh
Okawaru
Qazlal
Trog
Uskayaw
Vehumet

Shops:
D:4 [   D:6 =


Innate Abilities, Weirdness & Mutations

You are too large for most types of armour.
You have claws for hands.
Your natural rate of healing is unusually fast.
You are covered in fur. (AC +1)
You have tough skin. (AC +1)


Message History

You scratch the hornet but do no damage.
The hornet is lightly wounded.
You feel yourself speed up. The hornet barely misses you.
The orc hits you but does no damage. The hornet stings you.
You feel yourself slow down.
You closely miss the hornet.
The hornet is lightly wounded.
The hornet barely misses you. The orc hits you but does no damage.
The hornet misses you. The orc hits you.
You barely miss the hornet.
The hornet is lightly wounded.
You feel yourself speed up. The hornet stings you.
You feel yourself slow down. The hornet stings you!
You feel as though you will be slow longer.
You claw the hornet!
The hornet is moderately wounded.
The hornet closely misses you. The orc closely misses you.
The orc hits you but does no damage. The hornet completely misses you.
You claw the hornet!
The hornet is severely wounded.
You feel yourself speed up. The hornet stings you!
You feel yourself slow down. The orc barely misses you.
The orc hits you but does no damage. The hornet stings you!!
You feel as though you will be slow longer.
You scratch the hornet.
The hornet is severely wounded.
The orc barely misses you. The orc misses you. The hornet closely misses you.
The orc hits you. x2
* * * LOW HITPOINT WARNING * * *
The hornet stings you!
* * * LOW HITPOINT WARNING * * *
You suddenly lose the ability to move!
The hornet stings you!
* * * LOW HITPOINT WARNING * * *
You are lethally poisoned!
You feel as though you will be slow longer.
The orc hits you but does no damage. x2
* * * LOW HITPOINT WARNING * * *
You feel sick. The hornet stings you!
You die...

.........# #.......
............#
#.....[.
............#
#....... ...........#
#....... ..........#
#.......
#........#####.....##
#........#...#.....#
#..oy[)..†...#.....#
#...@o...#...'.....#
#........#...#.....#
#........#####..(..#
########## #######


You could see a hornet and 2 orcs.

Vanquished Creatures
  Grinder (D:4)
  A black bear (D:6)
  An orc warrior (D:6)
  2 sky beasts
  3 ogres
  A phantom (D:5)
  A kobold brigand (D:7)
  2 bullfrogs
  3 bullfrog zombies (D:5)
  An orc priest (D:3)
  A hound (D:6)
  A bullfrog skeleton (D:5)
  2 worker ants
  5 iguanas
  3 orc wizards
  A killer bee zombie (D:5)
  A hound skeleton (D:5)
  6 adders
  3 white imps
  An ooze (D:1)
  4 dart slugs
  A leopard gecko (D:2)
  19 orcs
  4 bats
  2 giant cockroaches (D:1)
  6 goblins
  16 hobgoblins
  2 jackals (D:3)
  2 quokkas (D:7)
  A ball python (D:5)
  A ball python zombie (D:5)
  3 frilled lizards
  A jackal zombie (D:5)
  10 kobolds
  A leopard gecko skeleton (D:4)
  A quokka skeleton (D:5)
  6 rats
120 creatures vanquished.

Notes
Turn   | Place    | Note
-------+----------+-------------------------------------------
     0 | D:1      | jestyr24 the Troll Berserker began the quest for the Orb.
     0 | D:1      | Reached XP level 1. HP: 22/22 MP: 0/0
    66 | D:1      | Reached XP level 2. HP: 29/29 MP: 1/1
   724 | D:2      | Reached XP level 3. HP: 36/36 MP: 2/2
   766 | D:2      | Noticed an ogre
   779 | D:2      | Killed an ogre
   780 | D:2      | Reached skill level 4 in Unarmed Combat
   780 | D:2      | Reached XP level 4. HP: 29/45 MP: 3/3
   790 | D:2      | Reached ** piety under Trog
   985 | D:2      | Reached XP level 5. HP: 49/53 MP: 4/4
  1883 | D:3      | HP: 1/53 [orc priest/divine providence (10)]
  2031 | D:4      | Reached skill level 5 in Unarmed Combat
  2101 | D:4      | Noticed Grinder
  2124 | D:4      | Reached XP level 6. HP: 15/61 MP: 5/5
  2127 | D:4      | Killed Grinder
  2127 | D:4      | Reached *** piety under Trog
  2128 | D:4      | Reached skill level 6 in Unarmed Combat
  2190 | D:4      | Found Icerory's Armour Boutique.
  2193 | D:4      | Bought a +2 cloak of stealth for 215 gold pieces
  2258 | D:4      | Found a staircase to the Ecumenical Temple.
  2272 | Temple   | Entered the Ecumenical Temple
  2444 | D:5      | Entered Level 5 of the Dungeon
  2452 | D:5      | Reached XP level 7. HP: 67/67 MP: 6/6
  2803 | D:5      | Reached skill level 7 in Unarmed Combat
  3290 | D:6      | Found Dydiew's Jewellery Emporium.
  3371 | D:6      | Reached skill level 8 in Unarmed Combat
  3371 | D:6      | Reached XP level 8. HP: 78/78 MP: 7/7
  3465 | D:6      | Found a bloodstained altar of Trog.
  3545 | D:6      | Reached skill level 5 in Dodging
  3561 | D:6      | Found a hazy altar of Hepliaklqana.
  3738 | D:7      | Reached skill level 9 in Unarmed Combat
  3770 | D:7      | Reached **** piety under Trog
  4014 | D:7      | Noticed a hornet
  4031 | D:7      | Paralysed by a hornet for 3 turns
  4032 | D:7      | HP: 1/78 [hornet (11)]
  4033 | D:7      | Mangled by a hornet

Illustrated notes

Levels and vault maps discovered:
D:1:      dpeg_arrival_rooms_a, layout_loops_ring
D:2:      layout_basic
D:3:      layout_basic, minmay_misc_feat_columns
D:4:      layout_basic, minmay_temple_entry_ruins, serial_shops,
          kennysheep_mini_moat, minivault_24, uniq_grinder
D:5:      layout_rooms, serial_undead, serial_undead_b, serial_undead_f,
          serial_undead_a, serial_undead_b, serial_undead_d, serial_undead_c
D:6:      layout_rooms, old_standard_altar, basic_altar, serial_shops,
          kennysheep_mini
D:7:      layout_gridville, uniq_menkaure, uniq_crazy_yiuf_cottage
Temple:   regret_index_temple_sigil_plot

Skill      XL: |  1  2  3  4  5  6  7  8 |
---------------+-------------------------+-----
Dodging        | 3 4 5 |  5.3
Fighting       | 3 4 |  4.0
Unarmed Combat | 4 5 6 8 9 |  9.5

Action                   |  1- 3 |  4- 6 |  7- 9 || total
-------------------------+-------+-------+-------++-------
Melee: Unarmed           |    60 |   122 |   167 ||   349
       Punch             |       |     2 |     6 ||     8
Armor: Animal skin       |    32 |    24 |    48 ||   104
Dodge: Dodged            |    39 |    46 |    94 ||   179

Table legend: (Time is in decaauts)
 A = Elapsed time spent in this place.
 B = Non-inter-level travel time spent in this place.
 C = Inter-level travel time spent in this place.
 D = Time resting spent in this place.
 E = Time spent auto-exploring this place.
 F = Levels seen in this place.
 G = Mean time per level.
                   A        B        C        D        E       F      G
               +--------+--------+--------+--------+--------+-----+--------+
         Total |   3997 |   3785 |    212 |    188 |   2545 |   8 |  499.6 |
       Dungeon |   3936 |   3752 |    184 |    188 |   2539 |   7 |  562.3 |
        Temple |     60 |     32 |     28 |      0 |      6 |   1 |   60.0 |
               +--------+--------+--------+--------+--------+-----+--------+

Top non-repeatable levels by time:
     D:5: 800 daAuts
     D:3: 755 daAuts
     D:1: 675 daAuts
     D:2: 539 daAuts
     D:6: 472 daAuts
     D:4: 398 daAuts
     D:7: 295 daAuts
  Temple: 60 daAuts
